Map: Tritão LE

Players

Kikonda

  • Race: Zerg Zerg
  • League: Platinum
  • Spawn Location: 11:00

LowLinK - Winner!

  • Race: Protoss Protoss
  • Spawn Location: 5:00

VOD

Have the link to the VOD?

Description

Time

  • Played on: Feb. 14, 2020, 10:21 a.m.
  • Length: 10:38
Show
View Real Time Build Order
Export as new Build Order

Kikonda Zerg 

Build Orders: Pool First, Swarm Host 

Get SALT Encoding   

  12  0:07  Drone  
  12  0:10  Extractor  
  12  0:12  Drone  
  13  0:16  Drone  
  14  0:24  Overlord  
  14  0:42  Spawning Pool  
  13  0:46  Drone  
  14  0:51  Drone  
  14  0:56  Drone  
  16  1:03  Drone  
  17  1:13  Drone  
  18  1:32  Drone  
  19  1:35  Queen  
  21  1:40  Spine Crawler  
  21  1:46  Overlord  
  20  1:56  Extractor, Drone x2  
  21  2:06  Drone  
  22  2:25  Drone  
  22  2:28  Lair  
  23  2:34  Drone  
  24  2:46  Drone  
  25  2:52  Spine Crawler  
  25  2:54  Drone  
  25  3:00  Drone  
  25  3:04  Evolution Chamber  
  25  3:12  Spore Crawler  
  24  3:13  Drone  
  24  3:19  Drone x2, Overlord  
  27  3:30  Infestation Pit  
  27  3:31  Zerg Missile Weapons Level 1  
  27  3:32  Nydus Network  
  24  3:44  Spine Crawler  
  22  4:04  Hatchery, Drone x2  
  22  4:07  Drone x2  
  22  4:08  Spore Crawler  
  26  4:26  Swarm Host  
  26  4:28  Overlord  
  29  4:33  Spine Crawler  
  28  4:42  Overlord x2  
  26  5:05  Swarm Host x2  
  26  5:23  Swarm Host x2  
  22  5:46  Swarm Host  
  22  5:48  Spine Crawler  
  20  6:33  Drone  
  21  6:48  Swarm Host  
  21  6:52  Drone  
  25  6:56  Drone  
  26  7:05  Drone  
  27  7:14  Drone  
  28  7:36  Spawning Pool  
  27  7:38  Drone x2  
  29  7:46  Drone  
  30  8:00  Drone  
  30  8:04  Drone  
  32  8:09  Nydus Canal  
  32  8:20  Drone  
  33  8:27  Spine Crawler  
  33  8:29  Spine Crawler  
  33  8:31  Spore Crawler  
  33  8:33  Drone  
  31  8:42  Drone  
  32  8:50  Drone  
  32  8:55  Nydus Canal  
  33  9:03  Swarm Host  
  36  9:30  Nydus Canal  
  36  9:32  Drone  
  36  9:33  Drone x2  
  36  9:34  Queen  
  41  9:40  Spine Crawler  
  41  9:44  Drone  
Show
View Real Time Build Order
Export as new Build Order

LowLinK Protoss - Winner!

Build Orders: Oracle Opening 

Get SALT Encoding   

  12  0:01  Probe  
  13  0:13  Probe  
  14  0:18  Pylon  
  14  0:25  Probe  
  15  0:37  Probe  
  15  0:38  Gateway  
  16  0:49  Probe (Chrono Boost)  
  17  0:53  Assimilator  
  17  1:01  Probe (Chrono Boost)  
  18  1:06  Probe (Chrono Boost), Assimilator  
  19  1:16  Probe  
  20  1:31  Cybernetics Core  
  20  1:33  Probe  
  21  1:45  Probe  
  22  1:54  Pylon  
  22  1:57  Warp Gate, Probe  
  23  2:09  Pylon  
  23  2:19  Stargate  
  23  2:21  Gateway  
  23  2:25  Pylon  
  23  2:48  Adept  
  25  2:58  Gateway  
  25  2:59  Oracle (Chrono Boost)  
  25  3:00  Gateway  
  28  3:23  Pylon  
  28  3:54  Stalker x3  
  28  3:55  Stalker  
  33  4:04  Gateway  
  33  4:29  Stalker x4  
  41  4:54  Stalker x3  
  41  4:55  Stalker  
  41  4:58  Stalker  
  41  5:23  Stalker x3  
  37  6:09  Stalker x5  
  39  6:35  Stalker x2  
  39  6:36  Stalker  
  45  6:58  Phoenix (Chrono Boost)  
  47  7:02  Zealot x4  
  55  7:41  Pylon  
  55  7:45  Pylon  
  55  7:56  Void Ray (Chrono Boost)  
  55  8:00  Stalker x2  
  63  8:14  Zealot x2  
  67  8:25  Pylon  
  67  8:43  Void Ray  
  64  9:14  Stalker x2  
Tags
 
Add a new tag
Caveats
  • Supply blocks, unpowered buildings, or Contaminate may cause inaccurate times.
  • Supply counts are checked every 10 seconds.